 Dungeon Crawl Stone Soup version 0.29-a0-364-g921d912d32 (webtiles) character file.

Game seed: 11607213506159576985

10015 Agony the Fighter (level 11, -14/102 HPs)
             Began as a Minotaur Fighter on Apr 29, 2022.
             Was a Priest of Okawaru.
             Demolished by a death yak (20 damage)
             ... on level 9 of the Dungeon.
             The game lasted 00:25:27 (12737 turns).

Agony the Fighter (Minotaur Fighter)               Turns: 12737, Time: 00:25:27

Health: -14/102    AC: 18    Str: 24    XL:     11   Next: 30%
Magic:  10/10      EV:  8    Int:  5    God:    Okawaru [***...]
Gold:   811        SH:  0    Dex: 11    Spells: 10/10 levels left

rFire   . . .      SeeInvis .   A - +1 dire flail (freeze)
rCold   + . .      Faith    .   (shield currently unavailable)
rNeg    + . .      Spirit   .   C - +4 chain mail of Indomitability {rC+ Stlth+}
rPois   +          Reflect  .   (helmet restricted)
rElec   .          Harm     .   (no cloak)
rCorr   .          Rampage  .   (no gloves)
Will    .....                   m - +1 pair of boots
Stlth   ..........              (no amulet)
HPRegen 0.27/turn               j - ring of positive energy
MPRegen 0.12/turn               l - ring of poison resistance

@: about to teleport
A: horns 2, retaliatory headbutt
a: Renounce Religion, Heroism


You were on level 9 of the Dungeon.
You worshipped Okawaru.
Okawaru was most pleased with you.
You visited 2 branches of the dungeon, and saw 10 of its levels.
You also visited: Bailey.

You collected 811 gold pieces.

Inventory:

Hand Weapons
 w - the +5 trident of Superiority {drain, rF- rN+ Int+2 Dex+3}
   (You found it on level 5 of the Dungeon)

   A truly terrible weapon, it drains the life of any living foe it strikes.
   Int:       It affects your intelligence (+2).
   Dex:       It affects your dexterity (+3).
   rF:        It makes you vulnerable to fire.
   rN:        It protects you from negative energy.
 x - a +0 vorpal shortbow
 A - a +1 dire flail of freezing (weapon)
Armour
 m - a +1 pair of boots (worn)
 C - the +4 chain mail of Indomitability (worn) {rC+ Stlth+}
   (You found it on level 6 of the Dungeon)

   rC:        It protects you from cold.
   Stlth:     It makes you more stealthy.
Jewellery
 j - a ring of positive energy (left hand)
 l - a ring of poison resistance (right hand)
 p - a +4 ring of evasion
 q - a ring of resist corrosion
Wands
 a - a wand of mindburst (15)
 b - a wand of iceblast (4)
 d - a wand of flame (23) (quivered)
 f - a wand of paralysis (11)
 D - a wand of digging (2)
Scrolls
 n - a scroll of teleportation
 t - 3 scrolls of amnesia
 y - a scroll of holy word
 B - 3 scrolls of magic mapping
 E - a scroll of immolation {unknown}
Potions
 c - a potion of cancellation
 e - 2 potions of attraction
 g - 3 potions of magic
 h - 2 potions of curing
 i - 2 potions of berserk rage
 o - 2 potions of ambrosia
 r - 2 potions of resistance
 s - 2 potions of lignification
 u - a potion of invisibility
 v - a potion of mutation
 z - 2 potions of flight {unknown}


   Skills:
 + Level 11.3 Fighting
 + Level 10.9 Maces & Flails
 + Level 11.2 Armour
 + Level 11.3 Shields
 + Level 0.8 Invocations


You had 10 spell levels left.
You didn't know any spells.
Your spell library contained the following spells:

 Spells                   Type           Power      Damage    Failure   Level
 Magic Dart               Conj           0%         1d3       95%         1
 Mephitic Cloud           Conj/Pois/Air  0%         N/A       100%        3
 Ozocubu's Armour         Ice            0%         N/A       100%        3
 Alistair's Intoxication  Tmut/Pois      0%         N/A       100%        5
 Borgnjor's Vile Clutch   Necr/Erth      0%         N/A       100%        5
 Metabolic Englaciation   Hex/Ice        0%         N/A       100%        5
 Eringya's Noxious Bog    Tmut/Pois      0%         N/A       100%        6
 Summon Small Mammal      Summ           Unusable   N/A       N/A         1
 Call Imp                 Summ           Unusable   N/A       N/A         2
 Call Canine Familiar     Summ           Unusable   N/A       N/A         3
 Summon Guardian Golem    Hex/Summ       Unusable   N/A       N/A         3
 Simulacrum               Ice/Necr       Unusable   N/A       N/A         6

Dungeon Overview and Level Annotations

Branches:
Dungeon (9/15)             Temple (1/1) D:6            Lair (0/6) D:9
 Bailey (visited)
    Orc: D:9-12

Altars:
Ashenzari
Cheibriados
Dithmenos
Elyvilon
Fedhas
Gozag
Hepliaklqana
Kikubaaqudgha
Makhleb
Nemelex Xobeh
Okawaru
Qazlal
Ru
Sif Muna
Trog
Uskayaw
Vehumet
Wu Jian
Xom
Yredelemnul
Zin
The Shining One


Innate Abilities, Weirdness & Mutations

You have a pair of horns on your head.
You reflexively headbutt those who attack you in melee.


Message History

The death yak gores you!!
You thump the death yak! You freeze the death yak.
The death yak is severely wounded.
You barely miss the death yak.
You headbutt the death yak, but do no damage.
The death yak is severely wounded.
A yak comes into view.
The death yak gores you.
You sock the death yak! You freeze the death yak. You headbutt the death yak.
You kill the death yak!
Okawaru is honoured by your kill.
Okawaru will now gift you ammunition as you gain piety.
You hit the death yak but do no damage. You hit the death yak but do no damage.
You headbutt the death yak!
The death yak is lightly wounded.
You feel like a meek peon again. The death yak closely misses you.
You puncture the death yak! You freeze the death yak.
The death yak is moderately wounded.
You thump the death yak! You freeze the death yak. You headbutt the death yak.
The death yak is severely wounded.
The death yak gores you!!
* * * LOW HITPOINT WARNING * * *
You hit the death yak. You freeze the death yak.
The death yak is severely wounded.
The death yak gores you!
* * * LOW HITPOINT WARNING * * *
You hit the death yak. You freeze the death yak.
The death yak is severely wounded.
The death yak gores you.
* * * LOW HITPOINT WARNING * * *
Okay, then.
As you read the scroll of teleportation, it crumbles to dust.
You feel strangely unstable. The death yak closely misses you.
You furiously retaliate!
You headbutt the death yak! The death yak attacks as you move away!
The death yak closely misses you. The death yak attacks as you move away!
The death yak gores you.
* * * LOW HITPOINT WARNING * * *
The death yak attacks as you move away! The death yak gores you!!
You die...

#...# #..# #....# # #...# #..#
#..#.#### # . #...#
######.......## # . #...#
##....).......### .. #...#
#.....#.......... .. #...#
##............... ..#####...#
###..#..>.........
.........Y######.....#...#.......
......>.YYY.YY.Y@................
.........#######.................
..)......# #.................
.........# #...##.#..........
....Y....# #...##............
.........# #...####..........
.........# #...# #..........
.........# #...# #..........
.........# #..(# #........<.


You could see 4 death yaks and 2 yaks.

Vanquished Creatures
  2 two-headed ogres
  A death yak (D:9)
  A deep elf pyromancer (D:8)
  2 cyclopes (D:7)
  An ugly thing (D:8)
  A manticore (D:7)
  A slime creature (D:7)
  Prince Ribbit (D:7)
  Grinder (D:3)
  Sigmund (D:3)
  2 wyverns
  4 yaks (D:8)
  3 wraiths (D:9)
  2 steam dragons (D:7)
  An acid dragon (D:9)
  A sky beast (D:7)
  3 ice beasts
  3 orc warriors
  2 black bears (D:6)
  2 ogres
  3 centaurs
  4 bullfrogs
  2 necrophages
  A gnoll sergeant (D:9)
  A scorpion (D:5)
  12 wights
  4 killer bees (D:8)
  5 howler monkeys
  2 electric eels (D:8)
  4 hounds
  2 jellies
  6 orc priests
  Terence (D:3)
  5 iguanas
  13 orc wizards
  10 adders
  8 gnolls
  2 white imps
  4 dart slugs
  39 orcs
  10 bats
  5 endoplasms
  2 giant cockroaches
  14 goblins
  3 hobgoblins
  6 jackals (D:1)
  2 quokkas (D:3)
  8 ball pythons
  5 frilled lizards
  4 kobolds
  8 rats
230 creatures vanquished.

Vanquished Creatures (others)
  An orc wizard (D:6)
1 creature vanquished.

Grand Total: 231 creatures vanquished

Notes
Turn   | Place    | Note
-------+----------+-------------------------------------------
     0 | D:1      | Agony the Minotaur Fighter began the quest for the Orb.
     0 | D:1      | Reached XP level 1. HP: 19/19 MP: 0/0
   462 | D:1      | Reached XP level 2. HP: 27/27 MP: 1/1
   593 | D:1      | Found a faded altar of an unknown god.
  1326 | D:2      | Reached XP level 3. HP: 33/33 MP: 2/2
  1943 | D:3      | Reached XP level 4. HP: 41/41 MP: 3/3
  2238 | D:3      | Noticed Terence
  2251 | D:3      | Killed Terence
  2252 | D:3      | Reached XP level 5. HP: 31/47 MP: 4/4
  2498 | D:3      | Noticed Sigmund
  2500 | D:3      | Noticed Grinder
  2509 | D:3      | HP: 2/47 [something/puff of flame (1)]
  2514 | D:3      | Killed Grinder
  2515 | D:3      | Reached skill level 5 in Fighting
  2515 | D:3      | Reached skill level 5 in Armour
  2515 | D:3      | Reached skill level 5 in Shields
  2515 | D:3      | Reached XP level 6. HP: 18/56 MP: 5/5
  2517 | D:3      | Killed Sigmund
  2518 | D:3      | Reached skill level 5 in Maces & Flails
  2518 | D:3      | Reached XP level 7. HP: 21/62 MP: 6/6
  3710 | D:4      | HP: 3/63 [iguana (4)]
  4824 | D:4      | Reached XP level 8. HP: 67/71 MP: 7/7
  4905 | D:5      | Entered Level 5 of the Dungeon
  5608 | D:5      | Identified the +5 trident of Superiority {drain, rF- rN+
                  | Int+2 Dex+3}
  6730 | D:6      | Found a staircase to the Ecumenical Temple.
  6951 | D:6      | Reached XP level 9. HP: 79/81 MP: 8/8
  6971 | D:6      | Identified the +4 chain mail of Indomitability {rC+ Stlth+}
  7494 | D:7      | Noticed Prince Ribbit
  7545 | D:7      | Killed Prince Ribbit
  8250 | D:7      | Noticed a cyclops
  8271 | D:7      | Killed a cyclops
  8332 | D:7      | Noticed a manticore
  8337 | D:7      | Noticed a cyclops
  8351 | D:7      | Killed a manticore
  8352 | D:7      | Reached XP level 10. HP: 55/91 MP: 9/9
  8451 | D:7      | Killed a cyclops
  9151 | D:8      | Found a snail-covered altar of Cheibriados.
  9441 | D:8      | Noticed a red ugly thing
  9451 | D:8      | Killed a red ugly thing
  9452 | D:8      | Reached skill level 10 in Fighting
  9452 | D:8      | Reached skill level 10 in Shields
  9455 | D:8      | Found a flagged portal.
  9463 | Bailey   | Entered a bailey
  9943 | D:8      | Reached skill level 10 in Armour
 10039 | Temple   | Entered the Ecumenical Temple
 10136 | Temple   | Became a worshipper of Warmaster Okawaru
 10307 | D:8      | Noticed a two-headed ogre
 10452 | D:8      | Noticed a deep elf pyromancer
 10461 | D:8      | Killed a deep elf pyromancer
 10627 | D:8      | Reached skill level 10 in Maces & Flails
 10746 | D:8      | Reached * piety under Okawaru
 11148 | D:8      | Killed a two-headed ogre
 11148 | D:8      | Reached ** piety under Okawaru
 11686 | D:9      | Reached XP level 11. HP: 99/101 MP: 7/10
 11797 | D:9      | Noticed a death yak
 11797 | D:9      | Noticed a death yak
 11797 | D:9      | Noticed a death yak
 12446 | D:9      | Found a staircase to the Lair.
 12615 | D:9      | Noticed a two-headed ogre
 12628 | D:9      | Killed a two-headed ogre
 12701 | D:9      | Noticed a death yak
 12716 | D:9      | Noticed a death yak
 12727 | D:9      | Killed a death yak
 12727 | D:9      | Reached *** piety under Okawaru
 12736 | D:9      | HP: 5/102 [death yak (1)]
 12737 | D:9      | Demolished by a death yak

Illustrated notes

Levels and vault maps discovered:
D:1:      lemuel_arrival_rhombus, layout_loops_corners, basic_ecumenical_altar,
          st_stairs_10
D:2:      layout_basic, minmay_pentomino_pile
D:3:      layout_basic, grunt_ministairs_10, uniq_sigmund, uniq_terence,
          uniq_grinder
D:4:      layout_loops_corners, chequers_serial_rivers_room_b, minmay_between
D:5:      layout_gridville
D:6:      minmay_flawed_box, layout_basic
D:7:      layout_rooms, kb_rosetta, uniq_prince_ribbit1
D:8:      layout_loops_cross, amcnicky_altar_gilded, enter_bailey_3,
          kennysheep_island_fort
D:9:      layout_long_grid, dpeg_lair_monsters
Temple:   kilobyte_greek_temple

Skill      XL: |  1  2  3  4  5  6  7  8  9 10 11 |
---------------+----------------------------------+-----
Maces & Flails | 3 4 5 7 9 10 | 10.9
Shields        | 4 5 6 7 9 10 11 | 11.3
Fighting       | 4 5 6 7 9 10 11 | 11.3
Armour         | 4 5 6 7 9 10 11 | 11.2
Invocations    | |  0.8

Action                   |  1- 3 |  4- 6 |  7- 9 | 10-12 || total
-------------------------+-------+-------+-------+-------++-------
Melee: Flail             |    94 |    62 |   337 |    37 ||   530
       Headbutt          |     7 |     7 |    65 |    46 ||   125
       Dire flail        |       |       |       |   232 ||   232
Invok: Heroism           |       |       |       |     3 ||     3
Evoke: Wand              |       |       |     5 |     8 ||    13
  Use: Scroll            |     5 |       |    12 |     5 ||    22
       Potion            |       |     2 |     2 |     2 ||     6
Armor: Scale mail        |    56 |    50 |   132 |       ||   238
       Chain mail        |       |       |    58 |   186 ||   244
Dodge: Dodged            |    39 |    18 |   118 |   111 ||   286
Block: Buckler           |    24 |    10 |    81 |    19 ||   134

Table legend: (Time is in decaauts)
 A = Elapsed time spent in this place.
 B = Non-inter-level travel time spent in this place.
 C = Inter-level travel time spent in this place.
 D = Time resting spent in this place.
 E = Time spent auto-exploring this place.
 F = Levels seen in this place.
 G = Mean time per level.
                   A        B        C        D        E       F      G
               +--------+--------+--------+--------+--------+-----+--------+
         Total |  12763 |  12106 |    657 |   3390 |   6542 |  11 | 1160.3 |
       Dungeon |  12251 |  11643 |    608 |   3192 |   6375 |   9 | 1361.2 |
        Temple |    226 |    178 |     48 |      0 |    167 |   1 |  226.0 |
        Bailey |    285 |    285 |      0 |    198 |      0 |   1 |  285.0 |
               +--------+--------+--------+--------+--------+-----+--------+

Top non-repeatable levels by time:
     D:8: 1936 daAuts
     D:7: 1717 daAuts
     D:3: 1692 daAuts
     D:6: 1565 daAuts
     D:4: 1418 daAuts
     D:1: 1302 daAuts
     D:5: 1069 daAuts
     D:9: 999 daAuts
     D:2: 550 daAuts
  Bailey: 285 daAuts
  Temple: 226 daAuts
